Map: Galactic Process LE

Players

Gracz

  • Race: Terran Terran
  • League: Bronze

Тим - Winner!

  • Race: Zerg Zerg
  • League: Silver

VOD

Have the link to the VOD?

Description

Time

  • Played on: Sept. 11, 2016, 12:13 a.m.
  • Length: 11:55
Show
View Real Time Build Order
Export as new Build Order

Gracz Terran 

Build Orders:  

Get SALT Encoding   

  12  0:01  SCV  
  13  0:13  SCV  
  14  0:18  Supply Depot  
  14  0:33  Refinery, SCV  
  15  0:45  SCV  
  16  0:57  SCV  
  16  0:58  Engineering Bay  
  17  1:04  Barracks  
  17  1:14  Supply Depot  
  17  1:37  SCV  
  17  1:38  Refinery  
  18  1:49  SCV  
  18  1:54  Factory  
  19  2:01  SCV  
  19  2:06  Barracks Reactor  
  20  2:13  SCV  
  21  2:25  SCV  
  22  2:37  Orbital Command  
  22  2:49  Command Center  
  22  2:55  Factory, Factory Reactor  
  22  2:59  Reaper  
  22  3:05  SCV  
  18  3:51  Reaper  
  16  4:06  Hellion  
  13  4:13  Hellion  
  6  4:43  Hellion  
  8  4:59  SCV  
    5:58  Orbital Command  
    6:24  SCV  
    8:02  SCV  
  1  8:14  SCV  
  2  8:31  Bunker  
  2  8:35  Bunker  
  2  8:57  SCV  
  3  9:23  Supply Depot  
Show
View Real Time Build Order
Export as new Build Order

Тим Zerg - Winner!

Build Orders: Hatch First 

Get SALT Encoding   

  12  0:01  Drone  
  13  0:08  Drone  
  14  0:17  Overlord  
  14  0:36  Drone  
  14  0:37  Drone x2  
  17  0:53  Hatchery  
  16  0:59  Extractor, Drone  
  16  1:13  Spawning Pool  
  16  1:15  Drone  
  16  1:32  Drone x3  
  19  1:54  Overlord x2  
  19  2:00  Queen  
  21  2:06  Metabolic Boost  
  21  2:16  Zergling x6  
  24  2:24  Baneling Nest  
  23  2:35  Queen  
  25  2:47  Drone x2  
  25  2:48  Drone  
  28  2:52  Drone  
  28  2:55  Drone  
  30  3:00  Zergling x2  
  30  3:03  Zergling x2  
  32  3:17  Zergling x2  
  32  3:18  Zergling x4  
  32  3:42  Zergling x12  
  36  4:06  Zergling x14  
  42  4:58  Zergling x4  
  44  5:00  Overlord x4  
  44  5:46  Lair  
  44  7:07  Drone x3  
  44  7:08  Spire, Drone x3  
  50  7:13  Queen  
  51  7:15  Extractor  
  50  8:03  Extractor  
  50  8:04  Drone x3  
  50  8:05  Drone x5  
  57  8:18  Hatchery  
  56  9:07  Mutalisk x3  
  56  9:08  Mutalisk x7  
  76  9:42  Hatchery  
Tags
 
Add a new tag
Caveats
  • Supply blocks, unpowered buildings, or Contaminate may cause inaccurate times.
  • Supply counts are checked every 10 seconds.